 Dungeon Crawl Stone Soup version 0.24.0-13-gcf9b319 (webtiles) character file.

Game seed: 3147348089563686435, levelgen mode: deterministic

517 Fang the Skirmisher (level 7, -2/44 HPs)
             Began as a Gargoyle Berserker on Dec 13, 2019.
             Was a Priest of Trog.
             Slain by Sigmund
             ... wielding a +2 scythe of freezing
              (4 damage)
             ... on level 4 of the Dungeon on Dec 16, 2019.
             The game lasted 00:04:32 (3088 turns).

Fang the Skirmisher (Gargoyle Berserker)            Turns: 3088, Time: 00:04:32

Health: -2/44      AC: 14    Str: 22    XL:     7   Next: 20%
Magic:  7/7        EV:  9    Int:  8    God:    Trog [***...]
Gold:   128        SH:  0    Dex:  9    Spells: 6/6 levels left

rFire    . . .     SeeInvis .   a - +0 hand axe
rCold    . . .     Gourm    .   (no shield)
rNeg     + . .     Faith    .   b - +0 chain mail
rPois    ∞         Spirit   .   (no helmet)
rElec    +         Reflect  .   (no cloak)
rCorr    .         Harm     .   (no gloves)
MR       ++...                  (no boots)
Stlth    ..........             (no amulet)
HPRegen  1.14/turn              (no ring)
MPRegen  0.10/turn              (no ring)

@: berserk cooldown, regenerating, slowed, very slow
A: negative energy resistance 1, electricity resistance, unbreathing,
petrification resistance, rot immunity, AC +4
a: Berserk, Trog's Hand, Renounce Religion


You were on level 4 of the Dungeon.
You worshipped Trog.
Trog was most pleased with you.
You were near starving.

You visited 1 branch of the dungeon, and saw 4 of its levels.

You collected 128 gold pieces.

Inventory:

Hand Weapons
 a - a +0 hand axe (weapon)
Armour
 b - a +0 chain mail (worn)
Jewellery
 l - an uncursed ring of wizardry {unknown}
Scrolls
 d - 3 scrolls of enchant armour {unknown}
 e - 3 scrolls of remove curse
 h - 4 scrolls of identify {unknown}
 k - 4 scrolls of teleportation {unknown}
 n - 3 scrolls of amnesia {unknown}
Potions
 f - 2 potions of degeneration {unknown}
 g - a potion of ambrosia {unknown}
 i - 3 potions of lignification {unknown}
 j - 2 potions of heal wounds {unknown}
 m - 3 potions of resistance {unknown}
 p - a potion of curing {unknown}
 q - a potion of brilliance {unknown}
 r - a potion of magic {unknown}
 s - a potion of berserk rage {unknown}
Comestibles
 c - 5 rations
 o - 3 chunks of flesh


   Skills:
 + Level 5.2 Fighting
 + Level 4.2 Axes
 + Level 4.5 Armour
 + Level 3.3 Dodging


You had 6 spell levels left.
You didn't know any spells.
Your spell library was empty.

Dungeon Overview and Level Annotations

Branches:
Dungeon (4/15)
 Temple: D:4-7

Altars:

Annotations:
D:4 Sigmund


Innate Abilities, Weirdness & Mutations

You are resistant to torment.
Your stone body is resilient. (AC +4)
You are immune to poison.
You resist negative energy. (rN+)
You are resistant to electric shocks. (rElec)
You can survive without breathing.
You are immune to petrification.
You are immune to rotting.


Message History

Sigmund flickers and vanishes!
Deactivating autopickup; reactivate with Ctrl-A.
You slash something! Something hits you but does no damage.
You slash something! Something hits you but does no damage.
Your skin crawls.
You feel resistant to hostile enchantments.
You are near starving!
Something hits you.
* * * LOW HITPOINT WARNING * * *
Something freezes you.
* * * LOW HITPOINT WARNING * * *
You miss something. Something hits you.
* * * LOW HITPOINT WARNING * * *
Something freezes you.
* * * LOW HITPOINT WARNING * * *
You miss something. Something hits you but does no damage.
You miss something. Something hits you!
* * * LOW HITPOINT WARNING * * *
Something freezes you.
You die...

##...# #........
#.....##........
#..............
##.............
##.#..........
#........).# #
#......).).# ...
#........).###.....
##........?@{....$.
#.......##........
##.....####..#.... #####
###....#.##......
.#..#### #..............
.......####.............
.......##......(........
...........#............
...................


There were no monsters in sight!

Vanquished Creatures
  A phantom (D:4)
  An ogre (D:4)
  A hound (D:4)
  3 orc priests
  A centaur skeleton (D:4)
  A worker ant (D:4)
  Robin (D:3)
  5 adders
  An ooze (D:4)
  8 worms
  5 dart slugs
  A leopard gecko (D:3)
  7 orcs
  2 giant cockroaches
  14 goblins
  8 hobgoblins
  3 jackals (D:3)
  A quokka (D:4)
  2 ball pythons
  9 bats
  6 frilled lizards
  8 kobolds
  5 rats
94 creatures vanquished.

Notes
Turn   | Place    | Note
-------+----------+-------------------------------------------
     0 | D:1      | Fang the Gargoyle Berserker began the quest for the Orb.
     0 | D:1      | Reached XP level 1. HP: 14/14 MP: 1/1
    35 | D:1      | Reached XP level 2. HP: 14/19 MP: 2/2
   408 | D:1      | Reached XP level 3. HP: 23/23 MP: 3/3
   908 | D:2      | Reached ** piety under Trog
   908 | D:2      | Reached XP level 4. HP: 28/29 MP: 4/4
  1033 | D:2      | Reached skill level 4 in Fighting
  1983 | D:3      | Reached XP level 5. HP: 17/33 MP: 5/5
  2074 | D:3      | Noticed Robin
  2088 | D:3      | Killed Robin
  2131 | D:3      | Reached *** piety under Trog
  2586 | D:4      | Noticed a phantom
  2594 | D:4      | Reached XP level 6. HP: 37/39 MP: 6/6
  2721 | D:4      | Killed a phantom
  3075 | D:4      | Reached skill level 5 in Fighting
  3077 | D:4      | Reached XP level 7. HP: 10/44 MP: 7/7
  3077 | D:4      | Noticed Sigmund
  3088 | D:4      | HP: 2/44 [something (7)]
  3088 | D:4      | Slain by Sigmund

Levels and vault maps discovered:
D:1:      nicolae_arrival_somewhat_less_tricky_arrival, layout_loops_ring
D:2:      layout_basic, minmay_tetromino_i4
D:3:      layout_basic, first_ration, uniq_robin
D:4:      layout_cave_pools, minmay_cut_off, uniq_sigmund

Skill      XL: |  1  2  3  4  5  6 |
---------------+-------------------+-----
Axes           | 3 4 |  4.2
Dodging        | 2 3 |  3.3
Armour         | 3 4 |  4.5
Fighting       | 4 5 |  5.2

Action                   |  1- 3 |  4- 6 |  7- 9 || total
-------------------------+-------+-------+-------++-------
Melee: Hand axe          |    97 |   326 |     5 ||   428
Invok: Trog's Hand       |       |     1 |     1 ||     2
       Berserk           |       |     1 |       ||     1
  Use: Scroll            |       |     2 |       ||     2
  Eat: Chunk             |       |     8 |       ||     8
Armor: Animal skin       |    47 |     8 |       ||    55
       Chain mail        |       |   175 |     4 ||   179
Dodge: Dodged            |    88 |   152 |       ||   240
